 Dungeon Crawl Stone Soup version 0.21.0-3-g78d12a8bdd (console) character file.

181118 Kloppie the Warrior (level 17, -11/170 HPs)
             Began as a Minotaur Fighter on Jan 10, 2018.
             Was the Champion of Wu Jian.
             Mangled by a vault warden
             ... wielding a +3 dire flail
              (38 damage)
             ... on level 1 of the Vaults.
             The game lasted 00:59:33 (24714 turns).

Kloppie the Warrior (Minotaur Fighter)             Turns: 24714, Time: 00:59:34

Health: -11/170    AC: 27    Str: 30    XL:     17   Next: 33%
Magic:  5/5        EV: 14    Int:  5    God:    Wu Jian [******]
Gold:   1490       SH: 16    Dex: 10    Spells: 16/16 levels left

rFire    . . .     SeeInvis +   a - +5 demon whip {antimagic, MR+}
rCold    + . .     Gourm    .   A - +2 shield {AC+3}
rNeg     . . .     Faith    .   I - +6 chain mail "Keeco" {Str+2 Slay+6 SInv}
rPois    .         Spirit   .   (helmet restricted)
rElec    +         Reflect  .   K - scarf {cloud immunity}
rCorr    .         Harm     .   x - +2 pair of gloves
MR       +++..                  (no boots)
Stlth    ..........             r - amulet of regeneration
HPRegen  0.78/turn              l - ring "Obreiggu" {rElec MR+ Stlth-}
MPRegen  0.09/turn              P - ring of protection from cold

@: no status effects
A: retaliatory headbutt, horns 2
}: 1/15 runes: barnacled
a: Wall Jump, Serpent's Lash, Heavenly Storm, Renounce Religion


You were on level 1 of the Vaults.
You worshipped Wu Jian.
Wu Jian was exalted by your worship.
You were not hungry.

You visited 6 branches of the dungeon, and saw 29 of its levels.
You also visited: Bailey, Ice Cave and Volcano.

You collected 2544 gold pieces.
You spent 1054 gold pieces at shops.

Inventory:

Hand Weapons
 a - the +5 demon whip "Spellbinder" (weapon) {antimagic, MR+}
   (You acquired it on level 5 of the Lair of Beasts)

   It reduces the magical energy of the wielder, and disrupts the spells and
   magical abilities of those hit.
   Natural abilities and divine invocations are not affected.
   It affects your resistance to hostile enchantments.
 c - the +10 flail of the Valley of Death {elec, rN+ Dex+2 SInv}
   (You found it in an ice cave)

   Occasionally, upon striking a foe, it will discharge some electrical energy
   and cause terrible harm.
   It affects your dexterity (+2).
   It protects you from negative energy.
   It lets you see invisible.
 U - the +9 sword of Zonguldrok {reap}
   (You found it on level 4 of the Shoals)

   If a monster killed with it leaves a corpse in good enough shape, the corpse
   will be animated as a zombie friendly to the killer.
Armour
 x - a +2 pair of gloves (worn)
 A - a +2 shield of protection (worn)
 I - the +6 chain mail "Keeco" (worn) {Str+2 Slay+6 SInv}
   (You found it on level 13 of the Dungeon)

   It affects your strength (+2).
   It affects your accuracy and damage with ranged weapons and melee attacks
   (+6).
   It lets you see invisible.
 K - a scarf of cloud immunity (worn)
 R - the +6 chain mail "Topupp" {rF+ rCorr}
   (You found it in an ice cave)

   It protects you from fire.
   It protects you from acid and corrosion.
Jewellery
 l - the ring "Obreiggu" (left hand) {rElec MR+ Stlth-}
   (You bought it in a shop on level 1 of the Shoals)

   [ring of loudness]

   It insulates you from electricity.
   It affects your resistance to hostile enchantments.
   It makes you less stealthy.
 r - an amulet of regeneration (around neck)
 P - a ring of protection from cold (right hand)
 T - the ring of Plog {rF+ rN+ Int+3 Stlth+}
   (You found it on level 4 of the Shoals)

   [ring of stealth]

   It affects your intelligence (+3).
   It protects you from fire.
   It protects you from negative energy.
   It makes you more stealthy.
Wands
 z - a wand of digging (24)
 C - a wand of scattershot (6)
 G - a wand of clouds (9)
 M - a wand of disintegration (21)
Scrolls
 g - 8 scrolls of teleportation
 i - a scroll of holy word
 m - 3 scrolls of magic mapping
 s - 2 scrolls of brand weapon
 t - 14 scrolls of remove curse
 u - 2 scrolls of fog
 w - 4 scrolls of enchant armour
 F - 3 scrolls of enchant weapon
 H - 6 scrolls of identify
 N - a scroll of blinking
 O - a scroll of fear
 Q - a scroll of summoning
Potions
 d - 4 potions of haste
 e - 10 potions of curing
 h - 3 potions of heal wounds
 j - 5 potions of mutation
 o - 4 potions of resistance
 p - a potion of cancellation
 D - 5 potions of flight
 E - 7 potions of might
 L - 2 potions of agility
Comestibles
 f - 32 rations


   Skills:
 - Level 20.0 Fighting
 - Level 16.0 Maces & Flails
 + Level 19.0 Armour
 - Level 10.0 Dodging
 - Level 15.0 Shields


You had 16 spell levels left.
You didn't know any spells.

Dungeon Overview and Level Annotations

Branches:
Dungeon (15/15)            Temple (1/1) D:7            Lair (6/6) D:9
 Shoals (4/4) Lair:2       Spider (0/4) Lair:3        Slime (0/5) Lair:6
    Orc (2/2) D:12            Elf (0/3) Orc:2        Vaults (1/5) D:13
 Depths (0/5) D:15

Altars:
Ashenzari
Cheibriados
Dithmenos
Elyvilon
Fedhas
Gozag
Hepliaklqana
Kikubaaqudgha
Makhleb
Nemelex Xobeh
Okawaru
Qazlal
Ru
Sif Muna
Trog
Uskayaw
Vehumet
Wu Jian
Xom
Yredelemnul
Zin
The Shining One
Beogh
Jiyva

Shops:
Orc:2 ([=   Shoals:1 %*%:(   Shoals:2 %*

Annotations:
Lair:6 exclusion: 4 oklob plants
Abyss:1 Ilsuiw, Josephine, Louise


Innate Abilities, Weirdness & Mutations

You reflexively headbutt those who attack you in melee.
You have a pair of horns on your head.


Message History

Your Armour skill increases to level 19!
The runic seal fades away.
The deep elf knight points at you and mumbles some strange words.
The stone arrow misses you. You block the vault warden's attack.
You hit the ogre.
The ogre is almost dead.
The vault warden activates a sealing rune.
You block the ogre's attack.
Something unseen opens the door.
The vault guard hits you but does no damage.
A deep elf archer comes into view. It is wielding a dagger.
You completely miss the ogre. You headbutt the ogre.
You kill the ogre!
The Council accepts your kill.
An orc knight, 2 vault guards and a vault warden come into view.
The orc knight is wielding a war axe of electrocution.
The vault warden is wielding a dire flail of holy wrath.
A vault guard is wielding a battleaxe of venom.
The orc knight shouts!
The vault warden shouts!
The vault guard shouts! x2
The deep elf knight hits you with a long sword!
* * * LOW HITPOINT WARNING * * *
The vault warden hits you with an enchanted dire flail!!!
You die...

#....#,*,,,*,***,
#....#,**,**,**,, *********
#....#,.8,8,,+,>,
****,,,,,,,****#....#.e.,,,,**,,
*,,****,****,,*#....#..8,8,,***,
*,,,,,*,*,,,,,*#....pc#*,**,**,*
***,**,,,,,**,###....#,*,,,*,**,,
*,*,***,,,***,#.#e...#*********,>
*,*,,***,***,,#p@ee..# *,,
*,**,,*****,,*#.#pT..# ***
*,,,,,,* *,,,ppo#[)p.#
*,**,,*****pR##.#..).#
*,*,,***,*##,,#.#....#
+,*,***,,,***,#.#....#***********
***,**,,,,,**,###....#,,,,,,,,,,*
**,,,,,*,*,,,,,*#....#,,,,,,,,,,*
**,,****,****,,*#....#,,,,,,,,,,*


You could see 3 vault wardens, 4 vault guards, an orc knight, a rakshasa, 2 deep
elf archers, a deep elf knight, a yaktaur, a deep elf mage and a troll.

Vanquished Creatures
  Rupert (Orc:2)
  Polyphemus (Shoals:2)
  Agnes (D:15)
  A frost giant (Shoals:4)
  A fire giant (D:15)
  Aizul (Shoals:2)
  2 very ugly things (IceCv)
  An ironheart preserver (Vaults:1)
  A red draconian (Volcano)
  3 merfolk javelineers (Shoals:4)
  5 merfolk impalers
  A fire dragon (Lair:6)
  A yaktaur captain (Vaults:1)
  4 vault guards
  A rakshasa (D:15)
  2 hydras
  Erolcha (Orc:2)
  3 catoblepae
  3 centaur warriors
  An alligator snapping turtle (Shoals:3)
  7 merfolk aquamancers (Shoals:4)
  5 two-headed ogres
  A satyr (Shoals:3)
  A queen ant (D:13)
  2 tengu warriors (D:13)
  The ghost of moonpresence the Severer, a novice MiBe of Trog (D:9)
  An orc high priest (Orc:2)
  8 death yaks
  A salamander mystic (Volcano)
  7 skeletal warriors
  10 sea snakes
  An unseen horror (D:12)
  A deep troll (Shoals:1)
  6 wizards
  Pikel (D:7)
  15 harpies
  A death drake (Shoals:1)
  An ironbrand convoker (Vaults:1)
  An orc knight (Bailey)
  A lindwurm (Lair:6)
  3 ugly things
  A necromancer (D:13)
  A wolf spider zombie (D:13)
  5 orc sorcerers (Orc:2)
  A deep elf mage (D:15)
  11 fauns
  7 cyclopes
  12 manticores
  6 ice statues
  13 merfolk sirens
  11 elephants (Lair:6)
  4 salamanders (Volcano)
  2 water nymphs
  2 molten gargoyles (Volcano)
  13 spiny frogs
  3 black mambas
  The ghost of moonpresence the Cleaver, a novice HOBe of Trog (D:4)
  9 torpor snails
  A gargoyle (D:15)
  3 efreet
  5 komodo dragons
  17 rime drakes
  A golden dragon simulacrum (IceCv)
  8 trolls
  18 merfolk
  An anaconda simulacrum (IceCv)
  3 meliai (D:11)
  A meliai (shapeshifter) (D:14)
  4 tyrant leeches (Lair:6)
  11 wind drakes
  9 hornets
  A polar bear (Lair:5)
  A meliai zombie (D:14)
  16 blink frogs
  20 dream sheep
  4 snapping turtles
  17 hippogriffs
  9 water elementals
  Sigmund (D:2)
  A shadow (D:15)
  29 yaks
  2 spriggans
  3 dire elephant simulacra (IceCv)
  7 wraiths
  4 steam dragons
  4 vampire mosquitoes (D:14)
  7 wyverns
  7 basilisks
  17 humans (D:13)
  2 fire bats (Volcano)
  8 hungry ghosts
  A harpy simulacrum (IceCv)
  6 wargs (Orc:2)
  A soldier ant (D:14)
  4 acid dragons
  Duvessa (D:5)
  An iron troll simulacrum (IceCv)
  14 water moccasins
  8 porcupines
  A hell hound (Lair:5)
  2 hydra simulacra (IceCv)
  5 sky beasts
  9 ice beasts
  18 orc warriors
  An eye of draining (D:15)
  A phantom (D:13)
  6 wolves (Lair:5)
  10 ogres
  17 centaurs
  11 crocodiles
  2 big kobolds
  13 bullfrogs
  Dowan (D:5)
  3 scorpions
  A wyvern skeleton (D:6)
  A troll zombie (D:12)
  13 killer bees
  4 wights (D:6)
  A howler monkey (D:14)
  8 lava snakes (Volcano)
  A centaur zombie (D:10)
  7 crimson imps
  A quasit (D:14)
  A bullfrog zombie (D:10)
  A bullfrog skeleton (D:4)
  7 hounds
  2 jellies
  11 orc priests
  32 orc wizards
  5 centaur skeletons
  A gnoll shaman (D:3)
  Terence (D:2)
  2 iguanas
  5 worker ants
  5 ogre zombies (D:12)
  A hound zombie (D:11)
  Robin (D:1)
  17 gnolls
  A howler monkey skeleton (D:7)
  9 adders
  2 shadow imps
  2 oozes
  2 adder zombies (D:9)
  2 worms
  3 dart slugs
  3 leopard geckos
  107 orcs
  3 ball pythons
  9 giant cockroaches
  13 goblins
  25 hobgoblins
  10 jackals
  2 quokkas (D:9)
  10 bats
  3 frilled lizards
  A goblin skeleton (D:12)
  3 goblin zombies (D:12)
  2 hobgoblin skeletons (D:12)
  A hobgoblin zombie (D:12)
  25 kobolds
  A leopard gecko zombie (D:7)
  4 orc skeletons (D:12)
  8 orc zombies (D:12)
  8 rats
  2 plants (Lair:6)
980 creatures vanquished.

Vanquished Creatures (collateral kills)
  A merfolk aquamancer (Shoals:3)
  2 sea snakes
  An orc sorcerer (Orc:2)
  4 fauns
  A snapping turtle (Shoals:1)
  A steam dragon (Shoals:1)
  A warg (Orc:2)
  An orc warrior (Orc:2)
  5 orc wizards (Orc:2)
  9 orcs (Orc:2)
26 creatures vanquished.

Vanquished Creatures (others)
  3 eldritch tentacles
  A faun (Shoals:1)
  An adder (D:7)
  3 ball lightnings
  6 fungi
  10 plants (Lair:6)
24 creatures vanquished.

Grand Total: 1030 creatures vanquished

Notes
Turn   | Place    | Note
-------+----------+-------------------------------------------
     0 | D:1      | Kloppie the Minotaur Fighter began the quest for the Orb.
     0 | D:1      | Reached XP level 1. HP: 19/19 MP: 0/0
    98 | D:1      | Reached skill level 4 in Fighting
    98 | D:1      | Reached XP level 2. HP: 22/27 MP: 1/1
   277 | D:1      | Reached XP level 3. HP: 20/34 MP: 2/2
   440 | D:2      | Noticed Robin
   448 | D:1      | Killed Robin
   510 | D:2      | Noticed Terence
   515 | D:2      | Reached XP level 4. HP: 34/41 MP: 3/3
   520 | D:2      | Killed Terence
   520 | D:2      | Reached skill level 5 in Fighting
   578 | D:2      | Noticed Sigmund
   584 | D:2      | Killed Sigmund
   584 | D:2      | Reached skill level 6 in Fighting
   584 | D:2      | Reached skill level 5 in Maces & Flails
   584 | D:2      | Reached XP level 5. HP: 40/50 MP: 4/4
   748 | D:2      | Reached XP level 6. HP: 56/57 MP: 5/5
   803 | D:2      | Found a bloodstained altar of Trog.
   811 | D:2      | Found a sparkling altar of Nemelex Xobeh.
  1892 | D:3      | Reached skill level 7 in Fighting
  2237 | D:4      | Noticed an ice beast
  2248 | D:4      | Killed an ice beast
  2248 | D:4      | Reached XP level 7. HP: 7/66 MP: 6/6
  2443 | D:4      | Found a glowing drain.
  2752 | D:4      | Noticed moonpresence's ghost (novice HOBe)
  2782 | D:4      | Killed moonpresence's ghost
  2782 | D:4      | Reached skill level 8 in Fighting
  2794 | D:4      | Reached XP level 8. HP: 64/75 MP: 7/7
  3072 | D:5      | Entered Level 5 of the Dungeon
  3081 | D:5      | Noticed Duvessa
  3082 | D:5      | Noticed Dowan
  3092 | D:5      | Killed Duvessa
  3099 | D:5      | Killed Dowan
  3099 | D:5      | Reached skill level 9 in Fighting
  3447 | D:5      | Found a shimmering altar of Xom.
  4279 | D:6      | Reached skill level 10 in Fighting
  4361 | D:6      | Reached skill level 10 in Maces & Flails
  4818 | D:7      | Reached XP level 9. HP: 75/85 MP: 8/8
  4904 | D:7      | Noticed Pikel
  4917 | D:7      | Killed Pikel
  4990 | D:7      | Found a staircase to the Ecumenical Temple.
  4999 | Temple   | Entered the Ecumenical Temple
  5187 | Temple   | Became a worshipper of the Wu Jian Council
  5560 | D:8      | Found a snail-covered altar of Cheibriados.
  5562 | D:8      | Found a stormy altar of Qazlal.
  5562 | D:8      | Found a shadowy altar of Dithmenos.
  5563 | D:8      | Found an opulent altar of Gozag.
  6362 | D:8      | Found a blossoming altar of Fedhas.
  6443 | D:8      | Noticed a red ugly thing
  6451 | D:8      | Killed a red ugly thing
  6451 | D:8      | Reached XP level 10. HP: 46/93 MP: 9/9
  6814 | D:8      | Found a deep blue altar of Sif Muna.
  6815 | D:8      | Found a blossoming altar of Fedhas.
  6927 | D:9      | Reached * piety under Wu Jian
  7098 | D:9      | Found a staircase to the Lair.
  7141 | D:9      | Noticed moonpresence's ghost (novice MiBe)
  7154 | D:9      | Killed moonpresence's ghost
  7302 | D:9      | Reached skill level 15 in Maces & Flails
  7356 | D:9      | Found a basalt altar of Yredelemnul.
  7772 | D:9      | Found a glowing golden altar of the Shining One.
  7774 | D:9      | Noticed an angel
  7882 | Lair:1   | Entered Level 1 of the Lair of Beasts
  8296 | Lair:1   | Noticed a spiny frog
  8301 | Lair:1   | Killed a spiny frog
  8301 | Lair:1   | Reached skill level 5 in Armour
  8301 | Lair:1   | Reached skill level 5 in Shields
  8763 | Lair:2   | Reached XP level 11. HP: 98/99 MP: 10/10
  8820 | Lair:2   | Reached ** piety under Wu Jian
  9025 | Lair:2   | Found a staircase to the Shoals.
  9547 | Lair:3   | Found a dark tunnel.
  9551 | Lair:3   | Noticed a four-headed hydra
  9554 | Volcano  | Entered a volcano
  9905 | Volcano  | Found a radiant altar of Vehumet.
  9905 | Volcano  | Noticed a salamander mystic
  9915 | Volcano  | Killed a salamander mystic
 10048 | Volcano  | Noticed a red draconian
 10057 | Volcano  | Killed a red draconian
 10057 | Volcano  | Reached skill level 10 in Armour
 10057 | Volcano  | Reached skill level 10 in Shields
 10218 | Lair:3   | Reached XP level 12. HP: 96/106 MP: 11/11
 10343 | Lair:3   | Reached *** piety under Wu Jian
 10473 | Lair:3   | Killed a four-headed hydra
 10566 | Lair:3   | Found a hole to the Spider Nest.
 11648 | Lair:4   | Noticed a catoblepas
 11655 | Lair:4   | Noticed a catoblepas
 11655 | Lair:4   | Killed a catoblepas
 11671 | Lair:4   | Killed a catoblepas
 11674 | Lair:4   | Reached **** piety under Wu Jian
 11674 | Lair:4   | Reached skill level 11 in Fighting
 12019 | Lair:5   | Found a snail-covered altar of Cheibriados.
 12194 | Lair:5   | Reached XP level 13. HP: 89/117 MP: 12/12
 12218 | Lair:5   | Reached skill level 12 in Fighting
 12540 | Lair:5   | Reached ***** piety under Wu Jian
 12706 | Lair:5   | HP: 4/119 [death yak (14)]
 12885 | Lair:5   | Reached skill level 13 in Fighting
 13373 | D:10     | Entered Level 10 of the Dungeon
 15081 | D:12     | Found a staircase to the Orcish Mines.
 15136 | D:12     | Reached skill level 15 in Shields
 15530 | D:12     | Reached skill level 14 in Fighting
 15624 | D:12     | Reached ****** piety under Wu Jian
 15726 | Orc:1    | Entered Level 1 of the Orcish Mines
 15845 | Orc:1    | Found a flagged portal.
 15864 | Bailey   | Entered a bailey
 16607 | Lair:5   | Identified a scroll of acquirement
 16608 | Lair:5   | Found the +5 demon whip "Spellbinder" {antimagic, MR+}
 16640 | Lair:6   | Entered Level 6 of the Lair of Beasts
 16726 | Lair:6   | Reached XP level 14. HP: 81/133 MP: 4/13
 16731 | Lair:6   | Reached skill level 15 in Fighting
 16743 | Lair:6   | Reached skill level 1 in Dodging
 16802 | Lair:6   | Found a viscous altar of Jiyva.
 16802 | Lair:6   | Found a staircase to the Slime Pits.
 16896 | Lair:6   | Noticed Josephine
 16918 | Lair:6   | Banished Josephine
 17319 | Lair:6   | Reached skill level 5 in Dodging
 17436 | Lair:6   | Found a runed door.
 18909 | D:13     | Found a gate to the Vaults.
 18952 | D:13     | You fall through a shaft for 2 floors!
 18952 | D:15     | Entered Level 15 of the Dungeon
 19086 | D:14     | Paralysed by a wizard for 5 turns
 19273 | D:13     | Reached XP level 15. HP: 136/141 MP: 4/14
 19342 | D:13     | Noticed Frances
 19353 | D:13     | Noticed Frances
 19353 | D:13     | Frances changed into Frances the queen ant
 19361 | D:13     | Killed Frances the queen ant
 19485 | D:13     | Got a smoking chain mail
 19486 | D:13     | Identified the +6 chain mail "Keeco" {Str+2 Slay+6 SInv} (You found it on level 13 of the Dungeon)
 19828 | D:14     | Reached skill level 15 in Armour
 19850 | D:14     | Reached skill level 10 in Dodging
 20301 | D:15     | Noticed Agnes
 20307 | D:15     | Killed Agnes
 20320 | D:15     | Found a staircase to the Depths.
 20320 | D:15     | Noticed a fire giant
 20340 | D:15     | Killed a fire giant
 20340 | D:15     | Reached skill level 16 in Fighting
 21000 | Orc:2    | Entered Level 2 of the Orcish Mines
 21000 | Orc:2    | Noticed Erolcha
 21046 | Orc:2    | Killed Erolcha
 21150 | Orc:2    | Reached skill level 17 in Fighting
 21165 | Orc:2    | Found a roughly hewn altar of Beogh.
 21217 | Orc:2    | Found Egywk's Antique Armour Shop.
 21217 | Orc:2    | Found Nuggumo's Antique Weapon Emporium.
 21281 | Orc:2    | Found Ceprepn's Jewellery Shop.
 21281 | Orc:2    | Found Cihag's Armour Emporium.
 21292 | Orc:2    | Bought a cursed ring of teleportation for 63 gold pieces
 21292 | Orc:2    | Bought a cursed -3 ring of intelligence for 28 gold pieces
 21292 | Orc:2    | Bought a cursed amulet of inaccuracy for 28 gold pieces
 21370 | Orc:2    | Found a staircase to the Elven Halls.
 21465 | Orc:2    | Noticed Rupert
 21645 | Orc:2    | Killed Rupert
 21658 | Orc:2    | Bought a shiny shield for 240 gold pieces
 22012 | Shoals:1 | Entered Level 1 of the Shoals
 22024 | Shoals:1 | Found Ceneu's Food Shop.
 22039 | Shoals:1 | Found Zethedar's Food Boutique.
 22090 | Shoals:1 | Reached skill level 18 in Fighting
 22229 | Shoals:1 | Reached XP level 16. HP: 143/157 MP: 5/15
 22240 | Shoals:1 | Found Memout's Assorted Antiques.
 22246 | Shoals:1 | Found Puicouwn's Book Boutique.
 22248 | Shoals:1 | Bought a shimmering bone ring for 145 gold pieces
 22248 | Shoals:1 | Bought a scroll of enchant armour for 217 gold pieces
 22248 | Shoals:1 | Bought a curved gold wand for 116 gold pieces
 22248 | Shoals:1 | Bought a scroll of blinking for 217 gold pieces
 22248 | Shoals:1 | Found Iskurof's Antique Weapon Boutique.
 22317 | Shoals:1 | Found a frozen archway.
 22330 | IceCv    | Entered an ice cave
 22461 | IceCv    | Reached skill level 19 in Fighting
 22499 | IceCv    | Got a smoking flail
 22512 | IceCv    | Got a twisted chain mail
 22554 | IceCv    | Identified the +6 chain mail "Topupp" {rF+ rCorr} (You found it in an ice cave)
 22555 | IceCv    | Identified the ring "Obreiggu" {rElec MR+ Stlth-} (You bought it in a shop on level 1 of the Shoals)
 22561 | Shoals:1 | Identified the +10 flail of the Valley of Death {elec, rN+ Dex+2 SInv} (You found it in an ice cave)
 22594 | Shoals:2 | Noticed Polyphemus
 22612 | Shoals:2 | Killed Polyphemus
 22704 | Shoals:2 | Noticed Louise
 22717 | Shoals:2 | Banished Louise
 22729 | Shoals:2 | Found Letzoaxt's General Store.
 22730 | Shoals:2 | Noticed Aizul
 22742 | Shoals:2 | Killed Aizul
 22912 | Shoals:2 | Found Difibak's Food Emporium.
 22913 | Shoals:2 | Reached skill level 20 in Fighting
 23020 | Shoals:4 | Entered Level 4 of the Shoals
 23698 | Shoals:4 | Noticed Ilsuiw
 23764 | Shoals:4 | Banished Ilsuiw
 24078 | Shoals:4 | Got a glittering iron ring
 24079 | Shoals:4 | Identified the ring of Plog {rF+ rN+ Int+3 Stlth+} (You found it on level 4 of the Shoals)
 24132 | Shoals:4 | Found the +9 sword of Zonguldrok {reap}
 24196 | Shoals:4 | Reached XP level 17. HP: 153/170 MP: 5/16
 24385 | Shoals:4 | Got a barnacled rune of Zot
 24670 | Vaults:1 | Entered Level 1 of the Vaults
 24714 | Vaults:1 | Mangled by a vault warden

Skill      XL: |  1  2  3  4  5  6  7  8  9 10 11 12 13 14 15 16 17 |
---------------+----------------------------------------------------+-----
Fighting       | 4 6 7 8 10 11 14 15 18 20 | 20.0
Maces & Flails | 3 4 5 7 8 10 14 16 | 16.0
Armour         | 5 10 11 14 15 17 19 | 19.0
Shields        | 5 10 13 15 | 15.0
Dodging        | 8 10 | 10.0

Action                   |  1- 3 |  4- 6 |  7- 9 | 10-12 | 13-15 | 16-18 || total
-------------------------+-------+-------+-------+-------+-------+-------++-------
Melee: Flail             |    69 |   109 |   330 |     3 |       |       ||   511
       Headbutt          |    11 |    20 |    49 |    98 |   356 |   198 ||   732
       Morningstar       |       |       |       |   510 |   498 |       ||  1008
       Demon whip        |       |       |       |       |  1040 |   685 ||  1725
Invok: Lunge             |       |       |     9 |    27 |   126 |    45 ||   207
       Whirlwind         |       |       |       |    20 |    10 |    24 ||    54
       Wall Jump         |       |       |       |     2 |     5 |     7 ||    14
       Serpent's Lash    |       |       |       |       |     1 |     1 ||     2
       Heavenly Storm    |       |       |       |       |     1 |       ||     1
Evoke: Wand              |       |       |     2 |       |     2 |       ||     4
  Use: Potion            |       |     2 |     2 |     1 |     1 |     5 ||    11
       Scroll            |       |       |    10 |    20 |     6 |    12 ||    48
 Stab: Petrified         |       |       |       |     3 |       |     3 ||     6
       Confused          |       |       |       |       |     3 |       ||     3
       Distracted        |       |       |       |       |     1 |       ||     1
       Paralysed         |       |       |       |       |     1 |       ||     1
       Petrifying        |       |       |       |       |       |     1 ||     1
  Eat: Chunk             |       |     4 |    17 |    20 |    30 |     5 ||    76
       Ration            |       |       |     2 |     1 |     2 |     1 ||     6
Armor: Scale mail        |    28 |    34 |   121 |     7 |       |       ||   190
       Skin              |       |    48 |    17 |       |       |       ||    65
       Chain mail        |       |       |       |   180 |   329 |   183 ||   692
Dodge: Dodged            |    42 |    65 |   122 |    77 |   298 |   173 ||   777
Block: Shield            |       |       |       |   164 |   684 |   349 ||  1197
